AoeStats
← BHA-1

Highland

506052300Analyzed
2v2 RM · 20d ago on Sep 12, 2026· 37m 38s· 4 players
Game mode
Random Map
Map size
Medium (4 player)
Population
200
Speed
Normal
Resources
Standard
Victory
Conquest
Starting age
Dark Age
Ending age
Imperial Age
RankedLock teamsTeams togetherTeam positionsShared explorationLock speedFull tech treeHidden civsTurbo modeCheats
Victory
Defeat
🇻🇳 Berbers · Vietnam
996
+17
🇦🇺 Franks · Australia
977
+17
🇺🇸 Khmer · United States
1015
-17
🇺🇸 Vietnamese · United States
1012
-17
BHA-1
6:04 Loom
12:54 Feudal Age
18:03 Castle Age
17:04 Double-Bit Axe
26:08 Bow Saw
25:50 Gold Mining
28:52 Forging
28:47 Scale Barding Armor
32:14 Iron Casting
32:18 Wheelbarrow
33:45 Stone Mining
34:31 Gold Shaft Mining
34:37 Gold Shaft Mining
37:09 Hand Cart
36:39 Town Watch
hoasex12345
6:22 Loom
10:21 Feudal Age
16:51 Castle Age
16:52 Double-Bit Axe
16:50 Horse Collar
21:22 Bow Saw
22:18 Wheelbarrow
21:56 Gold Mining
24:47 Heavy Plow
29:17 Imperial Age
28:01 Gold Shaft Mining
29:01 Forging
28:56 Scale Barding Armor
31:07 Chemistry
30:19 Bloodlines
30:10 Husbandry
29:31 Cavalier
30:51 Iron Casting
30:36 Hand Cart
32:14 Chain Barding Armor
31:57 Padded Archer Armor
32:11 Town Watch
33:10 Crop Rotation
32:35 Treadmill Crane
36:38 Blast Furnace
38:34 Plate Barding Armor
astafford301
9:04 Loom
12:45 Feudal Age
15:33 Castle Age
13:21 Double-Bit Axe
13:50 Gold Mining
13:55 Horse Collar
20:18 Bow Saw
24:18 Imperial Age
21:35 Pikeman
26:58 Heavy Plow
27:36 Wheelbarrow
30:23 Halberdier
Bowmaniac
12:35 Feudal Age
13:42 Double-Bit Axe
18:31 Castle Age
16:17 Loom
17:49 Fletching
18:00 Padded Archer Armor
18:16 Gold Mining
18:24 Stone Mining
20:29 Stone Shaft Mining
25:51 Bow Saw
29:23 Bodkin Arrow
29:44 Leather Archer Armor
35:14 Imperial Age
35:23 Elite Rattan Archer
37:48 Ballistics
Connection lost

Rejoining the realm…

Still unreachable

The connection could not be restored.

Session expired

The server has moved on; the page needs a fresh start.